 Dungeon Crawl Stone Soup version 0.20.0-10-g0535bb4 (webtiles) character file.

717 MDvedh the Cruncher (level 7, -9/40 HPs)
             Began as a Gargoyle Gladiator on June 3, 2017.
             Mangled by an ogre
             ... wielding a +0 giant club
              (17 damage)
             ... on level 4 of the Dungeon.
             The game lasted 00:05:23 (2640 turns).

MDvedh the Cruncher (Gargoyle Gladiator)            Turns: 2640, Time: 00:05:23

Health: -9/40      AC: 13    Str: 19    XL:     7   Next: 70%
Magic:  16/16      EV:  8    Int:  9    God:
Gold:   183        SH:  0    Dex: 16    Spells: 6/6 levels left

rFire    . . .     SeeInvis .   a - +1 quarterstaff
rCold    . . .     Gourm    .   (shield currently unavailable)
rNeg     + . .     Faith    .   A - +0 chain mail
rPois    ∞         Spirit   .   c - +0 helmet
rElec    +         Reflect  .   (no cloak)
rCorr    .         Harm     .   (no gloves)
MR       .....                  (no boots)
Stlth    ..........             (no amulet)
Regen    0.2/turn               v - ring of magical power
MPRegen  0.2/turn               w - +5 ring of dexterity

@: about to teleport
A: negative energy resistance 1, electricity resistance, unbreathing,
petrification resistance, rot immunity, AC +4
a: no special abilities


You were on level 4 of the Dungeon.
You were not hungry.

You visited 1 branch of the dungeon, and saw 4 of its levels.

You collected 183 gold pieces.

Inventory:

Hand Weapons
 a - a +1 quarterstaff (weapon)
Missiles
 d - 3 throwing nets (quivered)
Armour
 c - a +0 helmet (worn)
 A - a +0 chain mail (worn)
Jewellery
 e - an uncursed ring of fire
 v - a ring of magical power (left hand)
 w - a +5 ring of dexterity (right hand)
Scrolls
 p - a scroll of teleportation
 r - a scroll of enchant armour {unknown}
 y - a scroll of random uselessness {unknown}
 B - a scroll of amnesia {unknown}
Potions
 g - a potion of lignification
 i - a potion of mutation {unknown}
 j - a potion of brilliance {unknown}
 o - a potion of haste
 s - a potion of resistance {unknown}
 t - a potion of cancellation {unknown}
 u - 3 potions of curing
 x - a potion of might {unknown}
 z - a potion of heal wounds {unknown}
Comestibles
 f - 3 bread rations
 l - 2 meat rations
 n - 4 fruits
 C - 3 chunks of flesh


   Skills:
 - Level 2.1 Fighting
 + Level 8.8 Staves
 - Level 1.7 Throwing
 - Level 2.4 Dodging


You had 6 spell levels left.
You didn't know any spells.

Dungeon Overview and Level Annotations

Branches:
Dungeon (4/15)
 Temple: D:4-7

Altars:
Fedhas
Hepliaklqana
Kikubaaqudgha


Innate Abilities, Weirdness & Mutations

You are resistant to torment.
Your stone body is resilient. (AC +4)
You are immune to poison.
You resist negative energy. (rN+)
You are resistant to electric shocks. (rElec)
You can survive without breathing.
You are immune to petrification.
You are immune to rotting.


Message History

The bullfrog hits you but does no damage.
The bullfrog hits you.
You sock the bullfrog!
The bullfrog is severely wounded.
The bullfrog hits you.
You hit the bullfrog.
The bullfrog is almost dead.
The bullfrog hits you but does no damage.
You hit the bullfrog.
You kill the bullfrog!
The ogre hits you with a giant club!!
Ouch! That really hurt!
* * * LOW HITPOINT WARNING * * *
The scorpion stings you.
* * * LOW HITPOINT WARNING * * *
You see here a bullfrog corpse.
Okay, then.
As you read the scroll of teleportation, it crumbles to dust.
You feel strangely unstable. The ogre hits you with a giant club!
You die...

,,,,,,.....,.#<..##.####....,,,,,
,,,,,......,................,,,,,
,,,,.......#####.###........*,***
,,,,.............###........*,* *
,,,,........................*,***
............................,,,,,
......#....................#*,***
......#.#........####.......,,*
................@# *###.....,,*
................O#**.....#..,,*
...........#...#s#*....(.###*,*
........††.#...#†##.......* *,*
........†..#.............,* *,*
...........#.............,* *,*
...........#.............,* *,*
.#.......#.#...#.###.....,* *,*
.........................,* *,*


You could see an ogre and a scorpion.

Vanquished Creatures
  Sigmund (D:2)
  The ghost of Vajrapani the Ducker, an amateur OpFi (D:3)
  A bullfrog (D:4)
  Jessica (D:2)
  Terence (D:3)
  Natasha (D:3)
  An iguana (D:4)
  An orc wizard (D:4)
  2 worker ants
  A hound skeleton (D:4)
  Robin (D:2)
  4 gnolls
  7 adders
  2 oozes (D:2)
  A dart slug (D:1)
  2 leopard geckos (D:1)
  5 orcs
  6 bats
  3 giant cockroaches
  17 goblins
  6 hobgoblins
  3 jackals (D:4)
  3 frilled lizards (D:1)
  4 kobolds
  A quokka skeleton (D:4)
  10 rats
86 creatures vanquished.

Notes
Turn   | Place    | Note
-------+----------+-------------------------------------------
     0 | D:1      | MDvedh the Gargoyle Gladiator began the quest for the Orb.
     0 | D:1      | Reached XP level 1. HP: 12/12 MP: 1/1
    87 | D:1      | Reached XP level 2. HP: 17/17 MP: 2/2
   169 | D:1      | Reached skill level 4 in Staves
   236 | D:1      | Reached XP level 3. HP: 16/21 MP: 3/3
   712 | D:2      | Reached XP level 4. HP: 17/26 MP: 4/4
   894 | D:2      | Found a hazy altar of Hepliaklqana.
   894 | D:2      | Found a blossoming altar of Fedhas.
   894 | D:2      | Found an ancient bone altar of Kikubaaqudgha.
   898 | D:2      | Reached skill level 5 in Staves
   973 | D:2      | Noticed Sigmund
   989 | D:2      | Killed Sigmund
   989 | D:2      | Reached skill level 6 in Staves
   989 | D:2      | Reached XP level 5. HP: 20/30 MP: 5/5
   989 | D:2      | Reached XP level 6. HP: 24/35 MP: 6/6
  1012 | D:2      | Noticed Robin
  1020 | D:2      | Killed Robin
  1038 | D:2      | Noticed Jessica
  1043 | D:2      | Killed Jessica
  1153 | D:2      | Reached skill level 7 in Staves
  1722 | D:3      | Noticed Vajrapani's ghost (amateur OpFi)
  1736 | D:3      | Killed Vajrapani's ghost
  1736 | D:3      | Reached XP level 7. HP: 38/40 MP: 7/7
  1761 | D:3      | Noticed Terence
  1774 | D:3      | Killed Terence
  1914 | D:3      | Reached skill level 8 in Staves
  2233 | D:3      | Noticed Natasha
  2239 | D:3      | Killed Natasha
  2640 | D:4      | Mangled by an ogre

Skill      XL: |  1  2  3  4  5  6  7 |
---------------+----------------------+-----
Staves         | 4 6 7 8 |  8.8
Fighting       | |  2.1
Throwing       | |  1.7
Dodging        | |  2.4

Action                   |  1- 3 |  4- 6 |  7- 9 || total
-------------------------+-------+-------+-------++-------
Melee: Quarterstaff      |   124 |   117 |   127 ||   368
  Use: Potion            |       |     2 |       ||     2
       Scroll            |       |       |     8 ||     8
  Eat: Chunk             |       |     2 |       ||     2
       Bread ration      |       |       |     1 ||     1
Armor: Leather armour    |    16 |       |       ||    16
       Ring mail         |    66 |    39 |     2 ||   107
       Chain mail        |       |       |    76 ||    76
Dodge: Dodged            |    84 |    69 |    57 ||   210
